Unix NetHack Version 5.0.0-0 post-release - last build Jul 19 2026 19:10:59 (3aa4ab31751d3886436d94b585a96704892fd477,branch:main).

Game began 2026-07-28 09:49:10, ended 2026-07-28 13:01:27.

Jandor, neutral male human Wizard

     ----
   ---..|             --------                    ----                  ---
----....|             |..||..-----               --..---                |..---
|......--          .---..--...--.-------------- --.....----             |....|
|....|.|           -...............|......^...---.........|             ---..|
---..|.|           |.................--------.............|              --.--
  ---|.|           --...............--     -..---......-- |              |..|
     |.|            ---..`...|.--..--     -.....|...|.--                --.--
     |.|---          --.....-----.--     |..`.....|.----     -#--     ---..--
     |.|..---        |.....%|  |..|      |........|....-    --..--    |.....--
     |.....|.   --   |....%.|  |..|      -.. ---#.|---..----|...[------.-....|
     |....---.. |.----.....-- --..--    ...     -##  ##....|--..%>(.........--
  ----...-- --....u|......--  |....|     .            ----.--|...--------.---
 --......-- |......@...----   |....--   ..               |...|%..|      ---
 |........| --.....--..|      |......- ..                |-.[)...|
 |........--------- |..---    ----..|  ..                |...%...|
 |...-......|       |....|       ---- ---                |..%...--
 ---........----------...------------ |                  --.--...-
   --........%........................|                   ------..|
    ----.------------------------------                         ..|
       ---                                                      ---
Jandor the Thaumaturge    St:14 Dx:13 Co:14 In:18 Wi:11 Ch:12  Neutral
Dlvl:6  $:147 HP:0(50) Pw:13(52) AC:6  Xp:7 T:6661 

Latest messages:
 You see here a gnomish wizard corpse.
 There is a gnomish wizard corpse here; eat it? [ynq] (n) y
 This gnomish wizard corpse is tough.
 You stop eating the gnomish wizard corpse.
 The gnome hits!
 The gnome hits!
 You kill the gnome!
 You see here a partly eaten gnomish wizard corpse.
 There is a partly eaten gnomish wizard corpse here; eat it? [ynq] (n) y
 You resume your meal.
 You hear a D flat squeak in the distance.
 You hear a D flat squeak in the distance.
 You finish eating the gnomish wizard corpse.
 You feel a mild buzz.
 You hear a D flat squeak in the distance.
 The giant ant bites!
 In what direction? 8
 The spell hits the giant ant!
 You kill the giant ant!
 The spell hits the giant ant!
 You kill the giant ant!
 The magic-absorbing blade scares the goblin!
 You kill the goblin!
 You see here a giant ant corpse.
 The magic-absorbing blade cancels the violet fungus!
 You kill the violet fungus!
 You see here a violet fungus corpse.
 You see here a scroll of enchant armor.
 B - a scroll of enchant armor.
 You fail to cast the spell correctly.
 You fail to cast the spell correctly.
 The magic-absorbing blade cancels the giant ant!
 You kill the giant ant!
 The giant ant bites!
 You hit the giant ant!
 The giant ant bites!
 The giant ant bites!
 You hit the giant ant!
 The giant ant bites!
 The magic-absorbing blade scares the giant ant!
 You kill the giant ant!
 You see here a violet fungus corpse.
 The white unicorn butts!
 The white unicorn just misses!
 The white unicorn butts!
 The white unicorn kicks!
 The white unicorn butts!
 You die...
 Do you want your possessions identified? [ynq] (y) y
 Do you want to see your attributes? [ynq] (y) q

Inventory:
 Coins    ('$')
  $ - 147 gold pieces
 Weapons  (')')
  h - a blessed +0 dagger
  t - the rustproof +0 Magicbane (weapon in right hand)
  a - a blessed +1 quarterstaff
 Armor    ('[')
  q - a blessed +0 pair of gauntlets of power
  f - an uncursed +0 pair of elven boots (being worn)
  w - an uncursed +0 shield of reflection (being worn)
  b - an uncursed +0 cloak of magic resistance (being worn)
  u - an uncursed +0 cloak of magic resistance
  v - a cursed +0 studded leather armor
 Comestibles  ('%')
  k - an uncursed eucalyptus leaf
  y - a cursed partly eaten food ration
  g - 2 uncursed tripe rations
  A - an uncursed lichen corpse
 Scrolls  ('?')
  B - an uncursed scroll of enchant armor
 Spellbooks  ('+')
  F - a cursed spellbook of healing
  l - an uncursed spellbook of light
  G - a cursed spellbook of slow monster
 Rings    ('=')
  N - a cursed ring of cold resistance
  O - a cursed +1 ring of gain strength
  P - an uncursed ring of warning
  Q - a cursed ring of warning
 Wands    ('/')
  R - a cursed wand of fire (0:0)
 Tools    ('(')
  E - a horn of plenty (0:0)
  z - a blessed can of grease (0:8)
  T - a cursed credit card
  m - a cursed magic marker (0:21)
  S - an uncursed magic whistle
  s - an uncursed mirror
  M - an uncursed mirror
  W - an uncursed mirror
  U - a cursed towel
  V - a cursed towel
  Z - a cursed +0 unicorn horn
 Gems/Stones  ('*')
  e - a cursed agate stone
  n - a cursed worthless piece of blue glass
  j - a cursed worthless piece of violet glass
  o - 2 uncursed worthless pieces of white glass
  r - 4 uncursed worthless pieces of yellowish brown glass

Jandor the Wizard's attributes:

Background:
 You were a Thaumaturge, a level 7 male human Wizard.
 You were neutral, on a mission for Thoth
 who was opposed by Ptah (lawful) and Anhur (chaotic).
 You were right-handed.
 You were in the Gnomish Mines, on level 6.
 You entered the dungeon 6661 turns ago.
 You had 1036 experience points, 244 more were needed to attain level 8.

Basics:
 You had 0 out of 50 hit points.
 You had 13 out of 52 energy points (spell power).
 Your armor class was 6.
 Your wallet contained 147 zorkmids.
 Autopickup was off.

Final Characteristics:
 Your strength was 14 (limit:18/100).
 Your dexterity was 13 (limit:18).
 Your constitution was 14 (limit:18).
 Your intelligence was 18 (limit:18).
 Your wisdom was 11 (limit:18).
 Your charisma was 12 (limit:18).

Final Status:
 You weren't hungry.
 You were unencumbered.
 You were wielding a dagger.
 You were skilled in dagger.

Final Attributes:
 You were piously aligned.
 You were magic-protected.
 You were stealthy.
 You were warded.
 You had reflection.
 You are dead.

Miscellaneous:
 You encountered 1 bones level.
 Total elapsed playing time was 3 hours and 42 seconds.

Major events:
 Turn
    1: Jandor the neutral male human Wizard entered the dungeon
  933: attained the rank of Conjurer (level 3)
 2137: entered the Gnomish Mines
 4229: was bestowed with Magicbane by Thoth
 4850: attained the rank of Thaumaturge (level 6)
 4856: was bestowed with Trollsbane by Thoth
 6661: killed by a white unicorn

Spells:
 Name                 Level Category     Fail Retention
 force bolt             1   attack        74%   61%-70%
 create monster         2   clerical      93%   51%-75%
 cause fear             3   enchantment   77%  91%-100%

Skills:
 Fighting Skills
   bare handed combat [Unskilled]
   riding             [Unskilled]
 Weapon Skills
   dagger             [Skilled]
   knife              [Unskilled]
   axe                [Unskilled]
   short sword        [Unskilled]
   club               [Unskilled]
   mace               [Unskilled]
   morning star       [Unskilled]
   quarterstaff       [Basic]
   polearms           [Unskilled]
   spear              [Unskilled]
   trident            [Unskilled]
   sling              [Unskilled]
   dart               [Unskilled]
   shuriken           [Unskilled]
 Spellcasting Skills
   attack spells      [Basic]
   healing spells     [Unskilled]
   divination spells  [Unskilled]
   enchantment spells [Basic]
   clerical spells    [Unskilled]
   escape spells      [Unskilled]
   matter spells      [Unskilled]

Voluntary challenges:
 Character rerolling was not enabled.
 You never genocided any monsters.
 You never polymorphed an object.
 You never changed form.
 You used no wishes.
Achievements:
 You attained the rank of Conjurer.
 You entered the Gnomish Mines.
 You attained the rank of Thaumaturge.

 The Dungeons of Doom: levels 1 to 5
    Level 1:
    Level 2:
       An altar to Thoth, a grave.
    Level 3:
       Stairs down to The Gnomish Mines.
    Level 4:
       A fountain, a sink.
    Level 5:
       A fountain.
 The Gnomish Mines: levels 4 to 6
    Level 4:
    Level 5:
       A grave.
       Final resting place for
          Trystero-Wiz-Elf-Fem-Cha, killed by a dwarf lady.
    Level 6: <- You were here.
       Final resting place for
          you, killed by a white unicorn.


Vanquished creatures:
  a ghost
  2 leprechauns
  a dwarf leader
  a water nymph
  a rock mole
  3 shriekers
  2 violet fungi
  5 gnome leaders
  2 gnomish wizards
  a kobold mummy
  a gray ooze
  a ghoul
  a paper golem
  5 giant ants
  a floating eye
  2 kittens
  5 dwarves
  6 hill orcs
  4 rothes
  2 rabid rats
  4 dwarf zombies
  a wererat
  2 werejackals
  6 iguanas
  3 acid blobs
  4 coyotes
  a hobbit
  9 manes
  3 hobgoblins
  2 giant rats
  5 cave spiders
  4 yellow molds
  4 green molds
  a red mold
 21 gnomes
  2 garter snakes
  3 gnome zombies
  5 geckos
 13 jackals
  a fox
  a kobold
  3 goblins
  2 sewer rats
 12 grid bugs
  7 lichens
  4 kobold zombies
 13 newts
183 creatures vanquished.

No species were genocided or became extinct.

Game over:
                       ----------
                      /          \
                     /    REST    \
                    /      IN      \
                   /     PEACE      \
                  /                  \
                  |      Jandor      |
                  |      147 Au      |
                  |   killed by a    |
                  |  white unicorn   |
                  |                  |
                  |                  |
                  |       2026       |
                 *|     *  *  *      | *
        _________)/\\_//(\/(/\)/\//\/|_)_______

Goodbye Jandor the Wizard...

You died in The Gnomish Mines on dungeon level 6 with 4547 points,
and 147 pieces of gold, after 6661 moves.
You were level 7 with a maximum of 50 hit points when you died.

